 Dungeon Crawl Stone Soup version 0.30-a0-222-ge547ba4400 (webtiles) character file.

Game seed: 5526363790003733931

105 shadowstone the Shield-Bearer (level 4, -2/29 HPs)
             Began as a Gargoyle Fighter on Oct 8, 2022.
             Was an Initiate of Cheibriados.
             Slain by a jackal (3 damage)
             ... on level 4 of the Dungeon.
             The game lasted 00:07:34 (1739 turns).

shadowstone the Shield-Bearer (Gargoyle Fighter)    Turns: 1739, Time: 00:07:35

Health: -2/29      AC: 15    Str: 17    XL:     4   Next: 83%
Magic:  4/4        EV:  4    Int: 14    God:    Cheibriados [......]
Gold:   54         SH:  5    Dex: 18    Spells: 3/3 levels left

rFire   . . .      SeeInvis .    l - +4 dagger of Yesterday {flame, rN++ Str-5 Int+4 Dex+8}
rCold   . . .      Faith    .    c - +0 buckler
rNeg    + + +      Spirit   .    h - +0 plate armour
rPois   ∞          Reflect  .    (no helmet)
rElec   +          Harm     .    (no cloak)
rCorr   .          Rampage  .    (no gloves)
Will    .....                    (no boots)
Stlth   ..........               (no amulet)
HPRegen 0.24/turn                (no ring)
MPRegen 0.09/turn                (no ring)

@: very slow
A: sickness immunity, AC +3, negative energy resistance 1, electricity
resistance, torment resistance 1, petrification resistance
a: Renounce Religion


You were on level 4 of the Dungeon.
You worshipped Cheibriados.
Cheibriados was noncommittal.
You visited 2 branches of the dungeon, and saw 5 of its levels.

You collected 54 gold pieces.

Inventory:

Hand Weapons
 a - a +0 flail
 l - the +4 dagger of Yesterday (weapon) {flame, rN++ Str-5 Int+4 Dex+8}
   (You found it on level 2 of the Dungeon)

   It burns those it strikes, dealing additional fire damage.
   Str:       It affects your strength (-5).
   Int:       It affects your intelligence (+4).
   Dex:       It affects your dexterity (+8).
   rN:        It greatly protects you from negative energy.
Armour
 b - a +0 scale mail
 c - a +0 buckler (worn)
 h - a +0 plate armour (worn)
Scrolls
 e - 2 scrolls of vulnerability {unknown}
 i - 2 scrolls of noise {unknown}
 j - a scroll of butterflies {unknown}
 k - a scroll of summoning {unknown}
 m - a scroll of enchant weapon {unknown}
 n - 2 scrolls of identify {unknown}
 o - a scroll of teleportation {unknown}
Potions
 d - a potion of might
 f - a potion of heal wounds {unknown}
 g - 2 potions of attraction {unknown}
 p - a potion of curing


   Skills:
 + Level 3.8 Fighting
 + Level 0.1 Short Blades
 + Level 3.2 Maces & Flails
 + Level 4.0 Armour
 + Level 0.2 Dodging
 + Level 4.0 Shields


You had 3 spell levels left.
You didn't know any spells.
Your spell library contained the following spells:

 Spells                   Type           Power      Damage    Failure   Level
 Summon Ice Beast         Ice/Summ       0%         N/A       100%        4
 Summon Mana Viper        Hex/Summ       0%         N/A       100%        5
 Monstrous Menagerie      Summ           0%         N/A       100%        7


Dungeon Overview and Level Annotations

Branches:
Dungeon (4/15)             Temple (1/1) D:4

Altars:
Cheibriados
Elyvilon
Fedhas
Hepliaklqana
Kikubaaqudgha
Makhleb
Okawaru
Qazlal
Trog
Uskayaw
Vehumet
Wu Jian
Xom
Yredelemnul
Zin
The Shining One

Shops:
D:2 =

Annotations:
D:4 Dowan, Duvessa


Innate Abilities, Weirdness & Mutations

You are immune to sickness and miasma.
Your stone body is resilient. (AC +3)
You are immune to poison.
You resist negative energy. (rN+)
You are resistant to electric shocks. (rElec)
You are resistant to unholy torment.
You are immune to petrification.


Message History

The jackal bites you but does no damage. x2
Dowan hits you with a +0 dagger. Duvessa hits you with a +0 rapier!
* * * LOW HITPOINT WARNING * * *
You hit Duvessa but do no damage.
Duvessa is moderately wounded.
You block the jackal's attack.
The jackal bites you but does no damage.
You block the jackal's attack.
The jackal bites you but does no damage.
Duvessa hits you with a +0 rapier.
* * * LOW HITPOINT WARNING * * *
You block Dowan's attack.
You hit Duvessa but do no damage.
Duvessa is moderately wounded.
You block the jackal's attack.
The jackal bites you but does no damage.
Dowan barely misses you. Duvessa hits you but does no damage.
Unknown command.
You hit Duvessa. You burn Duvessa.
Duvessa is moderately wounded.
You block the jackal's attack.
The jackal bites you but does no damage. x2
Dowan hits you with a +0 dagger.
* * * LOW HITPOINT WARNING * * *
The jackal bites you.
* * * LOW HITPOINT WARNING * * *
Duvessa hits you but does no damage.
You hit Duvessa but do no damage.
Duvessa is moderately wounded.
The jackal bites you.
* * * LOW HITPOINT WARNING * * *
The jackal bites you but does no damage.
Dowan gestures wildly while chanting.
Dowan blinks!
Duvessa hits you but does no damage.
You hit Duvessa but do no damage.
Duvessa is moderately wounded.
You block the jackal's attack.
The jackal bites you but does no damage.
The jackal bites you.
You die...

...........#.....#
#.................
...................
..........e......
#.....#..)..........
##.!...#........<...
###..................
#......<§...##.## .e## .
...##..@h....#..# ...#..
##..eh...[..###$.....
#.................#
#...#...............##
###.....#...[...........
#....!####...........#..
#..... ###......##.#
##...# ##......#... ###.
#...........


You could see Duvessa, Dowan and 2 jackals.

Vanquished Creatures
  Robin (D:2)
  4 adders
  3 dart slugs
  9 ball pythons (D:2)
  A giant cockroach (D:1)
  9 goblins
  3 hobgoblins
  11 jackals
  2 quokkas
  A bat (D:2)
  A frilled lizard (D:1)
  4 kobolds
  A rat (D:1)
  A butterfly (D:4)
51 creatures vanquished.

Vanquished Creatures (others)
  2 plants (Temple)
2 creatures vanquished.

Grand Total: 53 creatures vanquished

Notes
Turn   | Place    | Note
-------+----------+-------------------------------------------
     0 | D:1      | shadowstone the Gargoyle Fighter began the quest for the
                  | Orb.
     0 | D:1      | Reached XP level 1. HP: 14/14 MP: 1/1
   213 | D:1      | Reached XP level 2. HP: 13/19 MP: 2/2
   481 | D:2      | Noticed Robin
   495 | D:2      | Killed Robin
   496 | D:2      | Reached XP level 3. HP: 10/24 MP: 3/3
   692 | D:2      | Found Xeut's Jewellery Shop.
   712 | D:2      | Reached XP level 4. HP: 16/29 MP: 4/4
   882 | D:2      | Identified the +4 dagger of Yesterday {flame, rN++ Str-5
                  | Int+4 Dex+8}
  1186 | D:3      | Found a snail-covered altar of Cheibriados.
  1221 | D:3      | Became a worshipper of Cheibriados the Contemplative
  1341 | D:4      | Found a staircase to the Ecumenical Temple.
  1369 | D:4      | Noticed Duvessa
  1369 | D:4      | Noticed Dowan
  1384 | Temple   | Entered the Ecumenical Temple
  1738 | D:4      | HP: 1/29 [jackal (3)]
  1739 | D:4      | Slain by a jackal

Illustrated notes

Levels and vault maps discovered:
D:1:      minmay_arrival_shattered_statue, layout_basic, serial_shops,
          nicolae_shop_hallway_plus, grunt_decor_cap
D:2:      layout_loops_ring, serial_shops, nicolae_square_shop,
          minmay_shallow_snake_nest, uniq_robin
D:3:      layout_loops_ring, mainiacjoe_overflow_alcove_2, serial_shops, shop
D:4:      layout_cave_pools, mainiacjoe_overflow_concentric_impassable,
          minmay_temple_entry_butterflies, gup_sewer_entry_spiral, uniq_duvessa
Temple:   regret_index_temple_generic_petals

Skill      XL: |  1  2  3  4 |
---------------+-------------+-----
Shields        | 4 |  4.0
Maces & Flails | 3 |  3.2
Armour         | 4 |  4.0
Fighting       | |  3.8
Short Blades   | |  0.1
Dodging        | |  0.2

Action                   |  1- 3 |  4- 6 || total
-------------------------+-------+-------++-------
Melee: Flail             |    86 |    34 ||   120
       Dagger            |       |    46 ||    46
Armor: Scale mail        |    21 |       ||    21
       Plate armour      |    78 |   100 ||   178
Dodge: Dodged            |    53 |    26 ||    79
Block: Buckler           |    35 |    34 ||    69

Table legend: (Time is in decaauts)
 A = Elapsed time spent in this place.
 B = Non-inter-level travel time spent in this place.
 C = Inter-level travel time spent in this place.
 D = Time resting spent in this place.
 E = Time spent auto-exploring this place.
 F = Levels seen in this place.
 G = Mean time per level.
                   A        B        C        D        E       F      G
               +--------+--------+--------+--------+--------+-----+--------+
         Total |   1910 |   1897 |     13 |    105 |      0 |   5 |  382.0 |
       Dungeon |   1477 |   1473 |      4 |    105 |      0 |   4 |  369.2 |
        Temple |    432 |    423 |      9 |      0 |      0 |   1 |  432.0 |
               +--------+--------+--------+--------+--------+-----+--------+

Top non-repeatable levels by time:
     D:2: 558 daAuts
     D:1: 493 daAuts
  Temple: 432 daAuts
     D:3: 359 daAuts
     D:4: 66 daAuts
